 Dungeon Crawl Stone Soup version 0.23-a0-208-gb6b040f31c (webtiles) character file.

149 PikkenKukken the Shield-Bearer (level 5, -10/47 HPs)
             Began as a Gnoll Fighter on Sept 25, 2018.
             Killed by nerve-wracking pain
             ... invoked by an orc priest
              (14 damage)
             ... on level 3 of the Dungeon.
             The game lasted 00:07:22 (2062 turns).

PikkenKukken the Shield-Bearer (Gnoll Fighter)      Turns: 2062, Time: 00:07:23

Health: -10/47     AC:  8    Str: 16 (19) XL:     5   Next: 31%
Magic:  7/7        EV:  9    Int:  9 (10) God:
Gold:   109        SH: 11    Dex: 17 (18) Spells: 5/6 levels left

rFire    . . .     SeeInvis .   r - +2 short sword (vamp)
rCold    . . .     Gourm    .   c - +1 shield
rNeg     . . .     Faith    .   k - +0 ring mail (curse)
rPois    .         Spirit   .   e - +0 hat
rElec    .         Reflect  .   (no cloak)
rCorr    .         Harm     .   (no gloves)
MR       .....                  (no boots)
Stlth    +.........             (no amulet)
HPRegen  0.15/turn              o - +3 ring of dexterity
MPRegen  0.10/turn              q - +2 ring of protection

@: no status effects
A: distributed training, fangs 1, strong nose
a: no special abilities


You were on level 3 of the Dungeon.
You were not hungry.

You visited 1 branch of the dungeon, and saw 3 of its levels.

You collected 109 gold pieces.

Inventory:

Hand Weapons
 a - a +0 trident
 r - a +2 vampiric short sword (weapon)
Armour
 b - a +0 scale mail
 c - a +1 shield (worn)
 e - a +0 hat (worn)
 k - a cursed +0 ring mail (worn)
Jewellery
 o - a +3 ring of dexterity (left hand)
 q - a +2 ring of protection (right hand)
Wands
 p - a wand of disintegration (11)
Scrolls
 g - 2 scrolls of enchant armour
 n - a scroll of remove curse
Potions
 d - a potion of might
 h - 4 potions of flight
 i - a potion of lignification {unknown}
 l - a potion of degeneration
 m - a potion of berserk rage {unknown}
 s - a potion of cancellation {unknown}
 t - a potion of curing
Comestibles
 f - 3 rations
 j - 5 chunks of flesh


   Skills:
 + Level 6.6 Fighting
 + Level 1.4 Short Blades
 + Level 1.4 Long Blades
 + Level 1.4 Axes
 + Level 1.4 Maces & Flails
 + Level 4.7 Polearms
 + Level 1.4 Staves
 + Level 1.4 Slings
 + Level 1.4 Bows
 + Level 1.4 Crossbows
 + Level 1.4 Throwing
 + Level 6.6 Armour
 + Level 1.4 Dodging
 + Level 1.4 Stealth
 + Level 6.6 Shields
 + Level 1.4 Unarmed Combat
 + Level 1.4 Spellcasting
 + Level 1.1 Conjurations
 + Level 1.1 Hexes
 + Level 1.1 Charms
 + Level 1.1 Summonings
 + Level 1.1 Necromancy
 + Level 1.1 Translocations
 + Level 1.1 Transmutations
 + Level 1.1 Fire Magic
 + Level 1.1 Ice Magic
 + Level 1.1 Air Magic
 + Level 1.1 Earth Magic
 + Level 1.1 Poison Magic
 + Level 1.5 Invocations
 + Level 1.4 Evocations


You had 5 spell levels left.
You knew the following spells:

 Your Spells              Type           Power        Failure   Level  Hunger
a - Confusing Touch       Hex            #.....       75%         1    ##.....

Your spell library contained the following spells:

 Spells                   Type           Power        Failure   Level  Hunger
 Beastly Appendage        Tmut           #.....       75%         1    ##.....
 Sticks to Snakes         Tmut           #.......     87%         2    ###....
 Confuse                  Hex            #.......     98%         3    ####...
 Gell's Gravitas          Tloc           #.........   98%         3    ####...
 Spider Form              Tmut/Pois      #.........   98%         3    ####...
 Ice Form                 Ice/Tmut       #.......     100%        4    #####..
 Petrify                  Tmut/Erth      #.......     100%        4    #####..
 Blade Hands              Tmut           #.........   100%        5    ######.
 Metabolic Englaciation   Hex/Ice        #.........   100%        5    ######.
 Yara's Violent Unravell  Hex/Tmut       #.........   100%        5    ######.


Dungeon Overview and Level Annotations

Branches:
Dungeon (3/15)

Altars:
Ashenzari
Dithmenos
Hepliaklqana
Qazlal
Trog
Uskayaw

Annotations:
D:3 1 runed door


Innate Abilities, Weirdness & Mutations

Your experience applies equally to all skills.
You have very sharp teeth.
Your uncanny sense of smell can sniff out nearby items.


Message History

Unknown command.
You hit the orc priest.
You feel better.
The orc priest is moderately wounded.
The orc priest hits you with a club.
* * * LOW HITPOINT WARNING * * *
The orc priest calls upon Beogh to heal the orc priest.
The orc priest's wounds heal themselves!
The orc priest hits you but does no damage.
You hit the orc priest.
You feel better.
The orc priest is moderately wounded.
The orc priest mumbles some strange prayers to Beogh against you.
You barely resist.
Unknown command.
You puncture the orc priest!
The orc priest is severely wounded.
The orc priest looks braver for a moment.
The orc priest hits you but does no damage.
The orc priest invokes the aid of Beogh against you.
Pain shoots through your body!
You die...

)#.......#..###.##.## #.#.....
(#.......#..##..##.# #.+.....
(...._......##..##.#######.#.....
(#.......#..##...................
.#.......#..##..##.######........
.##.....##..##.............#...#.
.####.####..##.###.#####...#...#.
...............oo................
........o......#@#..####...#.....
##.########.##.#.#..####.........
....# #.##)#.#...............
....# #.##.#.#..#.##.#.#.....
....# #.##.#.#..#.##.#.#..... o..
#.############......... .o. ###
#......... ... #####..... ∆
#.....


You could see 2 orc priests.

Vanquished Creatures
  An orc wizard (D:3)
  Jessica (D:2)
  An adder (D:3)
  An ooze (D:3)
  A worm (D:2)
  2 leopard geckos
  6 orcs (D:3)
  A ball python (D:2)
  4 giant cockroaches
  10 goblins
  7 hobgoblins
  6 jackals
  9 kobolds
  5 bats
  3 frilled lizards
  5 rats
63 creatures vanquished.

Notes
Turn   | Place    | Note
-------+----------+-------------------------------------------
     0 | D:1      | PikkenKukken the Gnoll Fighter began the quest for the Orb.
     0 | D:1      | Reached XP level 1. HP: 23/23 MP: 1/1
   228 | D:1      | Reached XP level 2. HP: 29/29 MP: 2/2
   711 | D:1      | Reached XP level 3. HP: 35/35 MP: 3/3
   961 | D:2      | Learned a level 1 spell: Confusing Touch
  1017 | D:2      | Noticed Jessica
  1027 | D:2      | Killed Jessica
  1027 | D:2      | Reached skill level 1 in Short Blades
  1027 | D:2      | Reached skill level 1 in Long Blades
  1027 | D:2      | Reached skill level 1 in Axes
  1027 | D:2      | Reached skill level 1 in Maces & Flails
  1027 | D:2      | Reached skill level 1 in Staves
  1027 | D:2      | Reached skill level 1 in Slings
  1027 | D:2      | Reached skill level 1 in Bows
  1027 | D:2      | Reached skill level 1 in Crossbows
  1027 | D:2      | Reached skill level 1 in Throwing
  1027 | D:2      | Reached skill level 1 in Dodging
  1027 | D:2      | Reached skill level 1 in Stealth
  1027 | D:2      | Reached skill level 1 in Unarmed Combat
  1027 | D:2      | Reached skill level 1 in Spellcasting
  1027 | D:2      | Reached skill level 1 in Invocations
  1027 | D:2      | Reached skill level 1 in Evocations
  1027 | D:2      | Reached XP level 4. HP: 33/41 MP: 5/5
  1065 | D:2      | Found a shadowy altar of Dithmenos.
  1261 | D:2      | Found a shattered altar of Ashenzari.
  1401 | D:3      | Reached skill level 1 in Conjurations
  1401 | D:3      | Reached skill level 1 in Hexes
  1401 | D:3      | Reached skill level 1 in Charms
  1401 | D:3      | Reached skill level 1 in Summonings
  1401 | D:3      | Reached skill level 1 in Necromancy
  1401 | D:3      | Reached skill level 1 in Translocations
  1401 | D:3      | Reached skill level 1 in Transmutations
  1401 | D:3      | Reached skill level 1 in Fire Magic
  1401 | D:3      | Reached skill level 1 in Ice Magic
  1401 | D:3      | Reached skill level 1 in Air Magic
  1401 | D:3      | Reached skill level 1 in Earth Magic
  1401 | D:3      | Reached skill level 1 in Poison Magic
  1434 | D:3      | Found a stormy altar of Qazlal.
  1460 | D:3      | Reached XP level 5. HP: 46/47 MP: 6/6
  1585 | D:3      | Found a stormy altar of Qazlal.
  1604 | D:3      | Found a bloodstained altar of Trog.
  1719 | D:3      | Found a runed door.
  1773 | D:3      | Found a hide-covered altar of Uskayaw.
  1985 | D:3      | Found a hazy altar of Hepliaklqana.
  2054 | D:3      | HP: 2/47 [orc priest/divine providence (11)]
  2060 | D:3      | HP: 2/47 [orc priest/club (2)]
  2062 | D:3      | Killed from afar by an orc priest

Vault maps used:
D:1:      dpeg_arrival_water_fire, nrook_uturn, minmay_pentomino_v2
D:2:      nicolae_dithmenos_through_a_glass_darkly, lemuel_round_altar,
          first_ration, uniq_jessica
D:3:      eat_drink_and_be_merry_uskayaw, lemuel_crystal_altar,
          lemuel_round_altar, old_standard_altar, kennysheep_big_empty_room,
          lemuel_statue_altar, uniq_crazy_yiuf_cottage

Skill      XL: |  1  2  3  4 |
---------------+-------------+-----
Short Blades   | 1 |  1.4
Long Blades    | 1 |  1.4
Axes           | 1 |  1.4
Maces & Flails | 1 |  1.4
Staves         | 1 |  1.4
Slings         | 1 |  1.4
Bows           | 1 |  1.4
Crossbows      | 1 |  1.4
Throwing       | 1 |  1.4
Dodging        | 1 |  1.4
Stealth        | 1 |  1.4
Unarmed Combat | 1 |  1.4
Spellcasting   | 1 |  1.4
Invocations    | 1 |  1.5
Evocations     | 1 |  1.4
Conjurations   | 1 |  1.1
Hexes          | 1 |  1.1
Charms         | 1 |  1.1
Summonings     | 1 |  1.1
Necromancy     | 1 |  1.1
Translocations | 1 |  1.1
Transmutations | 1 |  1.1
Fire Magic     | 1 |  1.1
Ice Magic      | 1 |  1.1
Air Magic      | 1 |  1.1
Earth Magic    | 1 |  1.1
Poison Magic   | 1 |  1.1
Fighting       | |  6.6
Polearms       | |  4.7
Armour         | |  6.6
Shields        | |  6.6

Action                   |  1- 3 |  4- 6 || total
-------------------------+-------+-------++-------
Melee: Trident           |    94 |    43 ||   137
       Bite              |     9 |    11 ||    20
       Short sword       |       |    74 ||    74
  Use: Scroll            |     5 |     5 ||    10
       Potion            |       |     3 ||     3
 Stab: Sleeping          |       |     1 ||     1
  Eat: Ration            |       |     2 ||     2
       Chunk             |       |     2 ||     2
Armor: Scale mail        |    19 |     1 ||    20
       Ring mail         |       |    16 ||    16
Dodge: Dodged            |    20 |    31 ||    51
Block: Shield            |    40 |    67 ||   107

Table legend:
 A = Non-vault XP
 B = Vault XP
 C = Vault XP percentage of total XP
 D = Non-vault monster count
 E = Vault monster count
 F = Vault count percentage of total count
                 A         B        C        D         E       F
            +---------+---------+-------+---------+---------+-------
      Total |     172 |      41 |  19.2 |      60 |       3 |   4.8
            +---------+---------+-------+---------+---------+-------
        D:1 |      32 |       4 |  11.1 |      16 |       2 |  11.1
        D:2 |      30 |      37 |  55.2 |      18 |       1 |   5.3
        D:3 |     110 |       0 |   0.0 |      26 |       0 |   0.0
            +---------+---------+-------+---------+---------+-------
